 Dungeon Crawl Stone Soup version 0.28.0 (webtiles) character file.

Game seed: 6607420674827041260

53 Lathuz the Digger (level 3, 0/19 HPs)
             Began as a Gargoyle Earth Elementalist on Feb 9, 2022.
             Slain by Terence (3 damage)
             ... on level 2 of the Dungeon.
             The game lasted 00:03:53 (1955 turns).

Lathuz the Digger (Gargoyle Earth Elementalist)     Turns: 1955, Time: 00:03:54

Health: 0/19       AC:  6    Str: 11    XL:     3   Next: 87%
Magic:  0/7        EV: 15    Int: 17    God:
Gold:   56         SH:  0    Dex: 10    Spells: 3/7 levels left

rFire   . . .      SeeInvis .   c - +0 dagger
rCold   . . .      Faith    .   (no shield)
rNeg    + . .      Spirit   .   b - +0 robe
rPois   ∞          Reflect  .   l - +1 hat
rElec   +          Harm     .   (no cloak)
rCorr   .          Rampage  .   (no gloves)
Will    .....                   (no boots)
Stlth   ++........              (no amulet)
HPRegen 0.06/turn               h - +4 ring of evasion
MPRegen 0.10/turn               (no ring)

@: no status effects
A: sickness immunity, AC +3, negative energy resistance 1, electricity
resistance, torment resistance 1, petrification resistance
a: no special abilities


You were on level 2 of the Dungeon.
You visited 1 branch of the dungeon, and saw 2 of its levels.

You collected 56 gold pieces.

Inventory:

Hand Weapons
 c - a +0 dagger (weapon)
Missiles
 i - 2 poisoned darts
 s - 37 stones
Armour
 b - a +0 robe (worn)
 j - a +0 kite shield
 l - a +1 hat (worn)
Jewellery
 h - a +4 ring of evasion (left hand)
Scrolls
 a - 2 scrolls of identify {unknown}
 d - a scroll of teleportation {unknown}
 e - a scroll of fear {unknown}
 g - 2 scrolls of magic mapping {unknown}
Potions
 f - a potion of lignification {unknown}
 k - a potion of heal wounds {unknown}


   Skills:
 - Level 1.5 Dodging
 - Level 2.1 Stealth
 + Level 2.9 Spellcasting
 + Level 0.9 Conjurations
 - Level 0.7 Transmutations
 + Level 4.6 Earth Magic


You had 3 spell levels left.
You knew the following spells:

 Your Spells              Type           Power      Damage    Failure   Level
a - Sandblast             Erth           36%        2d10      2%          1
x - Stone Arrow           Conj/Erth      24%        3d8       17%         3

Your spell library contained the following spells:

 Spells                   Type           Power      Damage    Failure   Level
 Passwall                 Tmut/Erth      9%         N/A       9%          2
 Petrify                  Tmut/Erth      11%        N/A       52%         4


Dungeon Overview and Level Annotations

Branches:
Dungeon (2/15)

Altars:

Annotations:
D:1 1 runed translucent door
D:2 Terence


Innate Abilities, Weirdness & Mutations

You are immune to sickness and miasma.
Your stone body is resilient. (AC +3)
You are immune to poison.
You resist negative energy. (rN+)
You are resistant to electric shocks. (rElec)
You are resistant to unholy torment.
You are immune to petrification.


Message History

Aiming: Sandblast (safe; 2% risk of failure)
Press: ? - help, Shift-Dir - straight line, f/p - Terence
Aim: Terence, wielding a +0 short sword and wearing a +0 chain mail (85% to hit)
Casting: Sandblast (safe; 2% risk of failure)
Confirm with . or Enter, or press ? or * to list all spells.
Aiming: Sandblast (safe; 2% risk of failure)
Press: ? - help, Shift-Dir - straight line, f/p - Terence
Aim: Terence, wielding a +0 short sword and wearing a +0 chain mail (85% to hit)
Terence hits you with a +0 short sword.
You hit Terence but do no damage. You barely miss Terence.
You hit Terence but do no damage. Terence hits you with a +0 short sword.
You hit Terence. You punch Terence, but do no damage.
Terence is lightly wounded.
Terence says, "Don't bother to defend, it's senseless."
You barely miss Terence.
Terence is lightly wounded.
You barely miss Terence.
Terence is lightly wounded.
Terence hits you with a +0 short sword.
You hit Terence but do no damage.
Terence is lightly wounded.
Terence hits you with a +0 short sword.
You closely miss Terence.
Terence is lightly wounded.
Terence hits you with a +0 short sword.
* * * LOW HITPOINT WARNING * * *
You hit Terence but do no damage.
Terence is lightly wounded.
Terence hits you with a +0 short sword.
* * * LOW HITPOINT WARNING * * *
Casting: Sandblast (safe; 2% risk of failure)
Confirm with . or Enter, or press ? or * to list all spells.
Aiming: Sandblast (safe; 2% risk of failure)
Press: ? - help, Shift-Dir - straight line, f/p - Terence
Aim: Terence, wielding a +0 short sword and wearing a +0 chain mail (lightly wounded, 85% to hit)
The blast of sand hits Terence.
Terence is moderately wounded.
Terence hits you with a +0 short sword.
You die...

....[...#.##.###.#
#.##.#
...####.#'##.# #.#
#.##.#########
...........#.# #.#
#.............
....###....#.# #.#
#..#.#########
....###....#.# #.#
#..#.########
.##)......##.# #.#
#..#........#
.#######.###.# #.#
#..########.# .#
#.. #.# #.# #..#
##### ##.# #@#
#..# ...... .. #@#
#..# ###### ...
..... ### #......
#.. #......# #.#
#......# #.#
###.#### #.. #.#


You could see Terence.

Vanquished Creatures
  An adder (D:2)
  A worm (D:2)
  2 dart slugs (D:1)
  6 bats
  5 endoplasms
  A giant cockroach (D:1)
  3 goblins (D:1)
  A hobgoblin (D:1)
  4 jackals (D:1)
  A quokka (D:1)
  A ball python (D:2)
  7 frilled lizards
  A kobold (D:2)
  A rat (D:1)
35 creatures vanquished.

Vanquished Creatures (others)
  A plant (D:1)
1 creature vanquished.

Grand Total: 36 creatures vanquished

Notes
Turn   | Place    | Note
-------+----------+-------------------------------------------
     0 | D:1      | Lathuz the Gargoyle Earth Elementalist began the quest for
                  | the Orb.
     0 | D:1      | Reached XP level 1. HP: 10/10 MP: 3/3
     1 | D:1      | Found a runed translucent door.
   248 | D:1      | Reached XP level 2. HP: 11/15 MP: 5/5
   360 | D:1      | Reached skill level 4 in Earth Magic
   565 | D:1      | Found a faded altar of an unknown god.
   736 | D:1      | Reached XP level 3. HP: 19/19 MP: 6/6
   965 | D:1      | Learned a level 3 spell: Stone Arrow
  1937 | D:2      | Noticed Terence
  1955 | D:2      | Slain by Terence

Illustrated notes

Levels and vault maps discovered:
D:1:      dpeg_arrival_caged_fury, layout_basic, serial_curves, eino_curves_01,
          eino_curves_04, shapermc_ecumenical_altar_mp_urbaneastern,
          minmay_misc_feat_four_crosses
D:2:      layout_basic, chequers_serial_rivers_marsh, uniq_terence

Skill      XL: |  1  2 |
---------------+-------+-----
Earth Magic    | 4 |  4.6
Dodging        | |  1.5
Stealth        | |  2.1
Spellcasting   | |  2.9
Conjurations   | |  0.9
Transmutations | |  0.7

Action                   || total
-------------------------++-------
Melee: Unarmed           ||     6
       Dagger            ||    53
       Punch             ||     1
 Cast: Sandblast         ||    38
 Stab: Sleeping          ||     4
Armor: Robe              ||    22
Dodge: Dodged            ||    37
